 Dungeon Crawl Stone Soup version 0.25-a0-251-g572059c536 (webtiles) character file.

Game seed: 12086526979902086171, levelgen mode: classic

12734 Borgoz the Fighter (level 11, -2/109 HPs)
             Began as a Gargoyle Gladiator on Dec 4, 2019.
             Was an Elder of Okawaru.
             Slain by Snorg (18 damage)
             ... on level 12 of the Dungeon.
             The game lasted 00:27:37 (12208 turns).

Borgoz the Fighter (Gargoyle Gladiator)            Turns: 12208, Time: 00:27:38

Health: -2/109     AC: 25    Str: 22    XL:     11   Next: 98%
Magic:  18/18      EV:  2    Int:  8    God:    Okawaru [****..]
Gold:   818        SH:  0    Dex: 11    Spells: 14/20 levels left

rFire    . . .     SeeInvis +   a - +2 dagger (venom)
rCold    . . .     Gourm    .   (no shield)
rNeg     + + +     Faith    .   (armour currently unavailable)
rPois    ∞         Spirit   .   (helmet currently unavailable)
rElec    .         Reflect  .   (cloak currently unavailable)
rCorr    .         Harm     .   (gloves currently unavailable)
MR       .....     NoTele   +   (boots currently unavailable)
Stlth    +.........             J - amulet of regeneration
HPRegen  0.68/turn              v - ring of see invisible
MPRegen  0.16/turn              (no ring)

@: tree-form, studying Staves
A: negative energy resistance 1, petrification resistance, rot immunity, AC +8
a: Heroism, Renounce Religion


You were on level 12 of the Dungeon.
You worshipped Okawaru.
Okawaru was greatly pleased with you.
You were not hungry.
You were a tree.
You visited 2 branches of the dungeon, and saw 13 of its levels.

You collected 818 gold pieces.

Inventory:

Hand Weapons
 a - a +2 dagger of venom (weapon)
 b - a +4 dagger of protection
 g - a +1 rapier
Armour
 c - a +0 helmet (melded)
 x - +0 steam dragon scales
 z - a +1 pair of boots (melded)
 F - a +0 pair of gloves (melded)
 G - a +1 plate armour of fire resistance
 H - the +1 robe of Blue Skies {Dex+4}
   (You found it on level 7 of the Dungeon)

   It affects your dexterity (+4).
 M - a +2 plate armour of magic resistance
 P - a +0 troll leather armour
 S - the +2 chain mail "Ysoklihe" (melded) {Str+3}
   (You found it on level 11 of the Dungeon)

   It affects your strength (+3).
Jewellery
 h - an uncursed ring of wizardry
 q - an uncursed ring of flight
 s - an uncursed amulet of guardian spirit
 v - a ring of see invisible (left branch)
 J - an amulet of regeneration (around neck)
 R - an uncursed amulet of faith
Wands
 y - a wand of polymorph (18)
 B - a wand of flame (14)
 L - a wand of iceblast (6)
 N - a wand of digging (4)
Scrolls
 i - 10 scrolls of remove curse
 j - 3 scrolls of fear
 l - 2 scrolls of blinking {unknown}
 m - a scroll of amnesia {unknown}
 p - 3 scrolls of magic mapping
 r - 2 scrolls of immolation {unknown}
 C - 5 scrolls of teleportation
 D - a scroll of fog {unknown}
 I - a scroll of silence {unknown}
 K - a scroll of enchant armour {unknown}
Potions
 e - a potion of might
 k - 2 potions of lignification
 o - 2 potions of agility
 t - 4 potions of flight
 u - 2 potions of brilliance
 A - a potion of cancellation
 E - a potion of magic {unknown}
 Q - a potion of mutation
Books
 w - a manual of Staves
Comestibles
 f - 30 rations


   Skills:
 * Level 10.4 Fighting
 * Level 8.9 Short Blades
 - Level 1.7 Throwing
 * Level 10.1 Armour
 + Level 5.9 Dodging
 - Level 5.0 Spellcasting
 + Level 5.3 Invocations


You had 14 spell levels left.
You knew the following spells:

 Your Spells              Type           Power        Failure   Level  Hunger
a - Confusing Touch       Hex            #.....       26%         1    #......
b - Confuse               Hex            #.......     61%         3    ###....
c - Blink                 Tloc           N/A          36%         2    ##.....

Your spell library contained the following spells:

 Spells                   Type           Power        Failure   Level  Hunger
 Animate Skeleton         Necr           N/A          26%         1    #......
 Apportation              Tloc           #.....       26%         1    #......
 Corona                   Hex            #......      26%         1    #......
 Magic Dart               Conj           #...         26%         1    #......
 Summon Small Mammal      Summ           #...         26%         1    #......
 Call Imp                 Summ           #.......     36%         2    ##.....
 Ensorcelled Hibernation  Hex/Ice        #.....       36%         2    ##.....
 Poisonous Vapours        Pois/Air       #.....       36%         2    ##.....
 Slow                     Hex            #.......     36%         2    ##.....
 Conjure Flame            Conj/Fire      #.......     61%         3    ###....
 Dazzling Flash           Conj/Hex       #.....       61%         3    ###....
 Gell's Gravitas          Tloc           #.........   61%         3    ###....
 Mephitic Cloud           Conj/Pois/Air  #.......     61%         3    ###....
 Tukima's Dance           Hex            #.......     61%         3    ###....
 Petrify                  Tmut/Erth      #.......     95%         4    #####..
 Bolt of Magma            Conj/Fire/Erth #.........   100%        5    ######.
 Iskenderun's Battlesphe  Conj/Chrm      #.......     100%        5    ######.
 Metabolic Englaciation   Hex/Ice        #.........   100%        5    ######.
 Yara's Violent Unravell  Hex/Tmut       #.........   100%        5    ######.
 Freezing Cloud           Conj/Ice/Air   #.........   100%        6    #######
 Iron Shot                Conj/Erth      #.........   100%        6    #######
 Orb of Destruction       Conj           #.........   100%        7    #######
 Ring of Flames           Chrm/Fire      #.........   100%        7    #######
 Spellforged Servitor     Conj/Summ      #.........   100%        7    #######


Dungeon Overview and Level Annotations

Branches:
Dungeon (12/15)            Temple (1/1) D:6            Lair (0/6) D:8
    Orc (0/2) D:10

Altars:
Ashenzari
Cheibriados
Dithmenos
Elyvilon
Fedhas
Gozag
Hepliaklqana
Kikubaaqudgha
Makhleb
Nemelex Xobeh
Okawaru
Qazlal
Ru
Sif Muna
Trog
Uskayaw
Vehumet
Wu Jian
Xom
Yredelemnul
Zin
The Shining One

Annotations:
D:7 2 transporters, Tux's ghost, novice VSFi
D:12 Snorg


Innate Abilities, Weirdness & Mutations

You are resistant to torment.
((Your stone body is resilient. (AC +8)))
You are immune to poison.
You resist negative energy. (rN+)
((You are resistant to electric shocks. (rElec)))
((You can survive without breathing.))
You are immune to petrification.
You are immune to rotting.


Message History

The bullfrog snags a nearby millipede with its tongue.
Snorg bites you but does no damage. Snorg claws you but does no damage.
Snorg claws you!
* * * LOW HITPOINT WARNING * * *
The bullfrog releases a deep croak.
You feel better. Snorg bites you but does no damage. Snorg claws you!
* * * LOW HITPOINT WARNING * * *
Snorg claws you but does no damage. Snorg barely misses you. Snorg claws you.
* * * LOW HITPOINT WARNING * * *
Snorg claws you but does no damage.
Unknown command.
You feel better. Snorg bites you but does no damage.
Snorg claws you but does no damage. x2
Evoke which item? (* to show all) (? for menu, Esc to quit)
Okay, then.
Okay, then.
You hit Snorg.
Snorg looks as sick as possible!
Snorg is severely wounded.
Snorg bites you!!
You die...

####.. #.# #
...... ..# .#
......##.##.##.
...............
............#
#(.....h#
#######F# #T#
######### #♣#
#.......# #.#
#.#####.#
#.####.#####.#
#.........##.#####
######.##.........
#.#####.#####
#.......#
#########


You could see Snorg (berserk), a bullfrog and a hound.

Vanquished Creatures
  A hydra (D:12)
  Erica (D:8)
  Pikel (D:7)
  An orc knight (D:10)
  An ugly thing (D:10)
  A centaur zombie (D:11)
  3 trolls
  A hornet (D:8)
  Grinder (D:3)
  2 hippogriffs
  10 yaks
  Eustachio (D:6)
  A shadow (D:10)
  3 steam dragons
  A hungry ghost (D:8)
  2 wyverns (D:10)
  5 orc warriors
  4 slaves
  An eye of draining (D:10)
  2 necrophages
  3 wolves (D:8)
  6 ogres
  3 phantoms
  6 sky beasts
  7 centaurs
  A big kobold (D:6)
  3 bullfrogs
  A wyvern zombie (D:10)
  2 wyvern skeletons
  A water moccasin zombie (D:3)
  3 scorpions
  6 killer bees
  A water moccasin skeleton (D:9)
  8 wights (D:8)
  2 electric eels (D:8)
  3 howler monkeys
  A bullfrog zombie (D:8)
  A crimson imp (D:7)
  2 quasits
  5 hounds
  A centaur skeleton (D:3)
  5 orc priests
  2 jellies
  A bullfrog skeleton (D:4)
  Jessica (D:3)
  6 iguanas
  13 orc wizards
  3 worker ants
  3 gnolls (D:3)
  A howler monkey skeleton (D:4)
  16 adders
  A shadow imp (D:5)
  3 oozes
  2 adder zombies
  3 worms
  2 leopard geckos
  55 orcs
  6 giant cockroaches
  7 goblins
  11 hobgoblins
  4 jackals
  17 kobolds
  10 quokkas
  6 bats
  4 frilled lizards
  A jackal skeleton (D:4)
  A leopard gecko zombie (D:9)
  A quokka skeleton (D:4)
  10 rats
304 creatures vanquished.

Notes
Turn   | Place    | Note
-------+----------+-------------------------------------------
     0 | D:1      | Borgoz the Gargoyle Gladiator began the quest for the Orb.
     0 | D:1      | Reached XP level 1. HP: 12/12 MP: 1/1
   146 | D:1      | Reached XP level 2. HP: 17/18 MP: 2/2
   170 | D:1      | Reached skill level 1 in Armour
   365 | D:1      | Reached XP level 3. HP: 22/22 MP: 3/3
   882 | D:2      | Learned a level 1 spell: Confusing Touch
   935 | D:2      | Reached XP level 4. HP: 24/28 MP: 4/4
  1192 | D:2      | Reached XP level 5. HP: 28/32 MP: 6/6
  1390 | D:3      | Noticed Jessica
  1399 | D:3      | Killed Jessica
  1399 | D:3      | Reached skill level 1 in Spellcasting
  1613 | D:3      | Found a sparkling altar of Nemelex Xobeh.
  1660 | D:3      | Found a hide-covered altar of Uskayaw.
  1839 | D:3      | Reached XP level 6. HP: 32/38 MP: 5/7
  1882 | D:3      | You fall into a shaft and drop 1 floor!
  2055 | D:3      | Noticed Grinder
  2076 | D:3      | Killed Grinder
  2076 | D:3      | Reached XP level 7. HP: 22/44 MP: 4/9
  2424 | D:3      | Found a glowing golden altar of the Shining One.
  2459 | D:3      | Found a shimmering altar of Xom.
  2459 | D:3      | Found an ancient bone altar of Kikubaaqudgha.
  2751 | D:4      | Reached skill level 5 in Fighting
  3531 | D:5      | Entered Level 5 of the Dungeon
  3554 | D:5      | Reached XP level 8. HP: 30/50 MP: 7/11
  3668 | D:5      | Found a shimmering altar of Xom.
  3819 | D:5      | Reached skill level 5 in Short Blades
  3819 | D:5      | Reached skill level 5 in Armour
  3925 | D:5      | Found a white marble altar of Elyvilon.
  4440 | D:6      | Learned a level 3 spell: Confuse
  4443 | D:6      | Learned a level 2 spell: Blink
  4644 | D:6      | Reached XP level 9. HP: 19/56 MP: 6/13
  4934 | D:6      | Noticed Eustachio
  4948 | D:6      | Killed Eustachio
  5181 | D:6      | Found a staircase to the Ecumenical Temple.
  5355 | Temple   | Entered the Ecumenical Temple
  5560 | Temple   | Became a worshipper of Warmaster Okawaru
  6200 | D:6      | Reached skill level 1 in Invocations
  6248 | D:7      | Got a ripped robe
  6347 | D:7      | Found a transporter.
  6349 | D:7      | Found a transporter.
  6350 | D:7      | Noticed Tux's ghost (novice VSFi)
  6374 | D:7      | Reached * piety under Okawaru
  6482 | D:7      | Noticed Pikel
  6881 | D:7      | Killed Pikel
  6881 | D:7      | Reached ** piety under Okawaru
  6881 | D:7      | Reached XP level 10. HP: 62/64 MP: 14/16
  7210 | D:7      | Identified the cursed +0 great mace "Ighiyged" {elec, *Rage
                  | *Noise Str+3 Int+5}
  7754 | D:8      | Reached *** piety under Okawaru
  8233 | D:8      | Noticed Erica
  8260 | D:8      | Reached skill level 5 in Dodging
  8263 | D:8      | Killed Erica
  8263 | D:8      | Reached **** piety under Okawaru
  8283 | D:8      | Found a shattered altar of Ashenzari.
  8625 | D:8      | Found a staircase to the Lair.
  8696 | D:8      | Found a snail-covered altar of Cheibriados.
  8827 | D:9      | Reached XP level 11. HP: 62/71 MP: 18/18
  8901 | D:9      | Reached skill level 5 in Spellcasting
  9504 | D:9      | Found a radiant altar of Vehumet.
  9882 | D:10     | Entered Level 10 of the Dungeon
  9937 | D:10     | Found a staircase to the Orcish Mines.
 10067 | D:10     | Reached ***** piety under Okawaru
 10184 | D:10     | Noticed a purple ugly thing
 10196 | D:10     | Noticed an orc knight
 10238 | D:10     | Killed a purple ugly thing
 10376 | D:9      | Identified the +1 robe of Blue Skies {Dex+4} (You found it
                  | on level 7 of the Dungeon)
 10795 | D:10     | Killed an orc knight
 10795 | D:10     | Reached skill level 10 in Fighting
 11385 | D:11     | Reached skill level 5 in Invocations
 11643 | D:11     | Received a gift from Okawaru
 11643 | D:11     | Reached skill level 10 in Armour
 11705 | D:11     | Got a steaming chain mail
 11716 | D:11     | Identified the +2 chain mail "Ysoklihe" {Str+3} (You found
                  | it on level 11 of the Dungeon)
 12132 | D:12     | Noticed a four-headed hydra
 12152 | D:12     | Killed a four-headed hydra
 12178 | D:12     | Noticed Snorg
 12206 | D:12     | HP: 5/109 [Snorg (5)]
 12208 | D:12     | Slain by Snorg

Levels and vault maps discovered:
D:1:      minmay_arrival_widening_spiral_wide, layout_loops_ring,
          minmay_misc_feat_diagonals
D:2:      minmay_inner_zag, layout_rooms, minmay_misc_feat_plants,
          skrybe_limestone_x
D:3:      layout_rooms, tso_altar, eat_drink_and_be_merry_uskayaw,
          amethyst_overflow_temple_binary, nemelex_diamond_rough_becter,
          uniq_grinder, uniq_jessica
D:4:      layout_layer_cave, first_ration, minmay_manual_mail
D:5:      layout_gridville, nicolae_overflow_hidden_temple,
          brannock_xom_greatest_gift
D:6:      layout_cave_pods, minmay_temple_entry_antechambers, uniq_eustachio
D:7:      layout_rooms, gammafunk_ghost_smash, grunt_ogre_cave, uniq_pikel
D:8:      layout_basic, ashenzari_altar_1, cheibriados_altar_1,
          erik_lair_island, serial_glass, glass_columns_a, glass_columns_b,
          glass_columns_c, glass_columns_a, glass_columns_a, uniq_erica
D:9:      layout_small_grid, fiery_altar_vehumet, minmay_quadrilaterals
D:10:     minmay_the_grid_octo_triangle [minmay_the_grid_octo_77,
          minmay_the_grid_octo_prize_big_c, minmay_the_grid_octo_checkered],
          layout_long_grid
D:11:     layout_rooms
D:12:     layout_loops_cross, uniq_snorg
Temple:   dpeg_chambers_temple

Skill      XL: |  1  2  3  4  5  6  7  8  9 10 11 |
---------------+----------------------------------+-----
Armour         | 1 2 3 4 6 7 8 10 | 10.1
Short Blades   | 3 4 5 6 7 8 |  8.9
Fighting       | 3 4 5 6 8 9 10 | 10.4
Spellcasting   | 1 2 3 4 5 |  5.0
Dodging        | 3 4 5 |  5.9
Invocations    | 2 3 5 |  5.3
Throwing       | |  1.7

Action                   |  1- 3 |  4- 6 |  7- 9 | 10-12 || total
-------------------------+-------+-------+-------+-------++-------
Melee: Dagger            |    95 |   173 |   622 |  1094 ||  1984
Throw: Throwing net      |       |     1 |       |     6 ||     7
Evoke: Wand              |       |       |     3 |     3 ||     6
  Use: Scroll            |     1 |     1 |     5 |    12 ||    19
       Potion            |       |       |     2 |    14 ||    16
 Stab: Held in net/web   |       |       |       |     3 ||     3
       Sleeping          |       |       |       |     1 ||     1
  Eat: Chunk             |       |     4 |    15 |    26 ||    45
Armor: Leather armour    |    25 |    46 |   280 |   267 ||   618
       Skin              |       |       |       |    46 ||    46
       Plate armour      |       |       |       |   112 ||   112
       Chain mail        |       |       |       |    40 ||    40
       Robe              |       |       |       |    10 ||    10
Dodge: Dodged            |    63 |    98 |   393 |   527 ||  1081

Table legend:
 A = Non-vault XP
 B = Vault XP
 C = Vault XP percentage of total XP
 D = Non-vault monster count
 E = Vault monster count
 F = Vault count percentage of total count
                 A         B        C        D         E       F
            +---------+---------+-------+---------+---------+-------
      Total |   13263 |    4929 |  27.1 |     265 |      35 |  11.7
            +---------+---------+-------+---------+---------+-------
        D:1 |      46 |       0 |   0.0 |      21 |       0 |   0.0
        D:2 |      89 |      38 |  29.9 |      27 |       7 |  20.6
        D:3 |     269 |     323 |  54.6 |      30 |       2 |   6.2
        D:4 |     365 |      14 |   3.7 |      14 |       4 |  22.2
        D:5 |     826 |       0 |   0.0 |      15 |       0 |   0.0
        D:6 |    1194 |     202 |  14.5 |      41 |       1 |   2.4
        D:7 |    1334 |     784 |  37.0 |      22 |       2 |   8.3
        D:8 |    1741 |    1775 |  50.5 |      32 |       9 |  22.0
        D:9 |    1859 |     117 |   5.9 |      23 |       4 |  14.8
       D:10 |    2690 |    1676 |  38.4 |      23 |       6 |  20.7
       D:11 |    1867 |       0 |   0.0 |      16 |       0 |   0.0
       D:12 |     983 |       0 |   0.0 |       1 |       0 |   0.0
            +---------+---------+-------+---------+---------+-------
